 Dungeon Crawl Stone Soup version 0.20.1-1-g8b1a95d (webtiles) character file.

111 Ragecrab the Skirmisher (level 4, 0/37 HPs)
             Began as a Demonspawn Abyssal Knight on July 3, 2017.
             Was a Believer of Lugonu.
             Slain by Robin
             ... wielding a +0 club
              (2 damage)
             ... on level 3 of the Dungeon.
             The game lasted 00:17:15 (1833 turns).

Ragecrab the Skirmisher (Demonspawn Abyssal Knight) Turns: 1833, Time: 00:17:16

Health: 0/37       AC:  7    Str: 11 (14) XL:     4   Next: 62%
Magic:  5/5        EV:  9    Int: 12 (13) God:    Lugonu [**....]
Gold:   92         SH:  0    Dex: 10 (12) Spells: 3/3 levels left

rFire    . . .     SeeInvis .   a - +1 falchion
rCold    + + .     Gourm    .   (no shield)
rNeg     . . .     Faith    .   w - +1 scale mail
rPois    .         Spirit   .   (no helmet)
rElec    .         Reflect  .   (no cloak)
rCorr    .         Harm     .   (no gloves)
MR       .....                  (no boots)
Stlth    ..........             e - amulet of magic regeneration
Regen    0.2/turn               q - ring of protection from cold
MPRegen  0.2/turn               (no ring)

@: no status effects
A: talons 1, cold resistance 1, demonic guardian 1
a: Depart the Abyss, Bend Space, Renounce Religion


You were on level 3 of the Dungeon.
You worshipped Lugonu.
Lugonu was pleased with you.
You were not hungry.

You visited 1 branch of the dungeon, and saw 3 of its levels.
You visited the Abyss 1 time.

You collected 92 gold pieces.

Inventory:

Hand Weapons
 a - a +1 falchion (weapon)
Missiles
 j - 15 poisoned needles
Armour
 w - a +1 scale mail (worn)
Jewellery
 e - an amulet of magic regeneration (around neck)
 q - a ring of protection from cold (left hand)
Scrolls
 g - a scroll of remove curse
 k - a scroll of teleportation
Potions
 l - 2 potions of curing
 n - a potion of might
 o - a potion of degeneration
 v - a potion of agility
Comestibles
 c - 4 bread rations
 f - 2 meat rations
 i - 5 royal jellies
 u - a chunk of flesh


   Skills:
 + Level 3.9 Fighting
 + Level 2.9 Long Blades
 + Level 2.3 Armour
 + Level 1.4 Dodging
 + Level 0.8 Stealth
 + Level 2.5 Invocations


You had 3 spell levels left.
You didn't know any spells.

Dungeon Overview and Level Annotations

Branches:
Dungeon (3/15)

Altars:
Hepliaklqana
Qazlal

Annotations:
D:3 Robin


Innate Abilities, Weirdness & Mutations

You have sharp toenails.
Your flesh is cold resistant. (rC+)
A weak demonic guardian rushes to your aid.


Message History

You aren't carrying any rechargeable items.
Robin says, "Bow before me, strongest of all the hobgoblins!"
Robin barely misses you.
You riposte.
You closely miss Robin. You claw Robin.
Robin is heavily wounded.
As you read the scroll labeled KUTOM FOFERROT AKH, it crumbles to dust.
It is a scroll of identify.
You don't have any unidentified items.
Robin hits you but does no damage.
You barely miss Robin.
Robin is heavily wounded.
Robin hits you with a club.
* * * LOW HITPOINT WARNING * * *
Your scale mail prevents you from hitting Robin.
You claw Robin.
Robin is severely wounded.
Robin zaps a wand.
The puff of flame misses you.
You barely miss Robin.
Robin is severely wounded.
Robin hits you with a club.
You die...

##. ...##.#... ..#..
...##.#.. #.#.# #..##.#g#
#.#.####..##.#g###.#
#.#....#..##.)5....# #.
#.#.##.#..####(#####
..#.##..)...§§...##5#
........))§)§§##§##(# #####
.#........†§g@§§..(# #....
####..>...§###§##########.###
##...#.####.# #......#
##.##......#####.######
####.#######.......# #...#
#.##.##.# #...######.##.##.#
#........#.##..#.# ###
#####....###.#.###.#.# #..


You could see Robin.

Vanquished Creatures
  A gnoll (D:3)
  A worm (D:2)
  4 dart slugs
  5 leopard geckos
  6 orcs (D:3)
  A ball python (D:1)
  3 bats
  3 giant cockroaches
  9 goblins
  10 hobgoblins
  4 kobolds
  2 quokkas (D:2)
  A frilled lizard (D:3)
  5 rats
55 creatures vanquished.

Vanquished Creatures (collateral kills)
  3 gnolls (D:3)
  2 goblins (D:3)
5 creatures vanquished.

Grand Total: 60 creatures vanquished

Notes
Turn   | Place    | Note
-------+----------+-------------------------------------------
     0 | Abyss:1  | Ragecrab the Demonspawn Abyssal Knight began the quest for the Orb.
     0 | Abyss:1  | Reached XP level 1. HP: 18/18 MP: 2/2
    71 | Abyss:1  | Noticed an air elemental
    75 | D:1      | Escaped the Abyss
   309 | D:1      | Reached * piety under Lugonu
   309 | D:1      | Gained mutation: You have sharp toenails. [demonic ancestry]
   309 | D:1      | Reached XP level 2. HP: 15/24 MP: 3/3
   658 | D:1      | Gained mutation: A weak demonic guardian rushes to your aid. [demonic ancestry]
   658 | D:1      | Reached XP level 3. HP: 15/29 MP: 4/4
   939 | D:2      | Reached skill level 1 in Dodging
  1164 | D:2      | Found a stormy altar of Qazlal.
  1630 | D:3      | Gained mutation: Your flesh is cold resistant. (rC+) [demonic ancestry]
  1630 | D:3      | Reached XP level 4. HP: 21/37 MP: 5/5
  1698 | D:3      | Found a hazy altar of Hepliaklqana.
  1794 | D:3      | Noticed Robin
  1797 | D:3      | Reached ** piety under Lugonu
  1820 | D:3      | HP: 1/37 [Robin/club (4)]
  1833 | D:3      | Slain by Robin

Skill      XL: |  1  2  3 |
---------------+----------+-----
Long Blades    | 2 |  2.9
Armour         | 2 |  2.3
Dodging        | 1 |  1.4
Fighting       | |  3.9
Stealth        | |  0.8
Invocations    | |  2.5

Action                   |  1- 3 |  4- 6 || total
-------------------------+-------+-------++-------
Melee: Falchion          |   101 |    32 ||   133
       Kick              |    27 |     7 ||    34
Invok: Depart the Abyss  |     1 |       ||     1
  Use: Scroll            |       |     8 ||     8
       Potion            |       |     5 ||     5
  Eat: Chunk             |     2 |     1 ||     3
Armor: Leather armour    |    25 |     1 ||    26
       Scale mail        |       |     5 ||     5
Dodge: Dodged            |    84 |    17 ||   101
       Rpst.: Falchion   |    26 |     8 ||    34
